 Dungeon Sprint DCSS version 0.22.1-1-ga44c0e56f4 (webtiles) character file.

79 MuseOD the Sneak (level 4, -4/24 HPs)
             Began as a Spriggan Enchanter on Oct 1, 2018.
             Slain by a human (8 damage)
             ... in the Dungeon (Sprint III: "The Ten Rune Challenge").
             The game lasted 00:01:06 (572 turns).

MuseOD the Sneak (Spriggan Enchanter)                Turns: 572, Time: 00:01:06

Health: -4/24      AC:  2    Str:  4    XL:     4   Next: 16%
Magic:  1/9        EV: 18    Int: 17    God:
Gold:   16         SH:  0    Dex: 16    Spells: 2/8 levels left

rFire    . . .     SeeInvis +   a - +1 dagger
rCold    . . .     Gourm    .   (shield restricted)
rNeg     . . .     Faith    .   b - +0 robe
rPois    .         Spirit   .   (helmet restricted)
rElec    .         Reflect  .   (no cloak)
rCorr    .         Harm     .   (gloves unavailable)
MR       .....     NoTele   +   (boots unavailable)
Stlth    ++++......             (no amulet)
HPRegen  0.08/turn              (no ring)
MPRegen  0.11/turn              (no ring)

@: very slightly contaminated, very quick
A: very small, unfitting armour, see invisible, herbivore, speed 3, slow
metabolism 2
a: no special abilities


You were in the Dungeon.
You were not hungry.

You visited 1 branch You collected 16 gold pieces.

Inventory:

Hand Weapons
 a - a +1 dagger (weapon)
Armour
 b - a +0 robe (worn)
Scrolls
 c - a scroll of identify {unknown}
 j - a scroll of blinking
Potions
 e - a potion of curing
 f - a potion of heal wounds
 g - a potion of haste
 h - 2 potions of magic
 i - a potion of berserk rage
Comestibles
 d - a ration


   Skills:
 + Level 3.1 Fighting
 * Level 6.3 Short Blades
 - Level 3.0 Dodging
 + Level 7.8 Stealth
 - Level 2.6 Spellcasting
 - Level 3.6 Hexes


You had 2 spell levels left.
You knew the following spells:

 Your Spells              Type           Power        Failure   Level  Hunger
a - Corona                Hex            ##.....      4%          1    #......
b - Ensorcelled Hibernat  Hex/Ice        #.....       13%         2    ##.....
c - Confuse               Hex            ##......     12%         3    ###....

Your spell library contained the following spells:

 Spells                   Type           Power        Failure   Level  Hunger
 Tukima's Dance           Hex            ##......     12%         3    ###....
 Dazzling Spray           Conj/Hex       #.....       26%         3    ###....


Dungeon Overview and Level Annotations

Branches:
Dungeon (1/1)

Altars:


Innate Abilities, Weirdness & Mutations

You are very small and have problems with some larger weapons.
You are too small for most types of armour.
You have supernaturally acute eyesight. (SInv)
You are a herbivore.
You cover ground extremely quickly.
You need to consume almost no food.


Message History

You hit the human but do no damage.
The human is almost dead.
You hit the human but do no damage.
The human is almost dead.
The human barely misses you.
You hit the human but do no damage.
The human is almost dead.
The human stops glowing.
The human hits you!
* * * LOW HITPOINT WARNING * * *
You see here a rat skeleton.
Casting: Corona (safe; 4% risk of failure)
Confirm with . or Enter, or press ? or * to list all spells.
Aiming: Corona (safe; 4% risk of failure)
Press: ? - help, Shift-Dir - straight line, f/p - human
Aim: a human (almost dead, chance to defeat MR: 50%)
The human is outlined in light.
You hit the human.
The human is almost dead.
The human hits you!
You die...

▓▓▓▓▓▓▓▓▓
▓<..#...####
▓...#......##
▓..##..p..÷.# ..#
▓##.##@##...# ..#
##.##.###..# #..#
▓#.####.##..# ...+
▓.###..##..####...#
▓#.....##..###....#
###..##..[##.....#
##..##....#......#
#..###..##.#.....#
#..# #.. ####....#


You could see a human.

Vanquished Creatures
  A scorpion (D)
  Jessica (D)
  An ooze (D)
  2 rats (D)
5 creatures vanquished.

Vanquished Creatures (others)
  2 draconian scorchers (D)
  6 hellions (D)
8 creatures vanquished.

Grand Total: 13 creatures vanquished

Notes
Turn   | Place    | Note
-------+----------+-------------------------------------------
     0 | D        | MuseOD the Spriggan Enchanter began the quest for the Orb.
     0 | D        | Reached XP level 1. HP: 9/9 MP: 5/5
    13 | D        | Reached skill level 1 in Fighting
    13 | D        | Reached skill level 5 in Stealth
    85 | D        | Killed a hellion
   106 | D        | Killed a hellion
   108 | D        | Killed a hellion
   148 | D        | Killed a hellion
   170 | D        | Killed a hellion
   172 | D        | Killed a hellion
   173 | D        | Noticed Jessica
   186 | D        | Killed Jessica
   186 | D        | Reached skill level 6 in Stealth
   186 | D        | Reached XP level 2. HP: 5/15 MP: 4/6
   186 | D        | Reached XP level 3. HP: 6/18 MP: 5/8
   189 | D        | Killed a white draconian scorcher
   190 | D        | Learned a level 2 spell: Ensorcelled Hibernation
   194 | D        | Learned a level 3 spell: Confuse
   236 | D        | Killed a white draconian scorcher
   379 | D        | Noticed a scorpion
   382 | D        | Killed a scorpion
   382 | D        | Reached skill level 7 in Stealth
   382 | D        | Reached XP level 4. HP: 24/24 MP: 9/9
   572 | D        | Slain by a human

Skill      XL: |  1  2  3 |
---------------+----------+-----
Fighting       | 2 3 |  3.1
Short Blades   | 4 6 |  6.3
Stealth        | 6 7 |  7.8
Dodging        | |  3.0
Spellcasting   | |  2.6
Hexes          | |  3.6

Action                   |  1- 3 |  4- 6 || total
-------------------------+-------+-------++-------
Melee: Dagger            |    18 |    35 ||    53
 Cast: Corona            |     1 |     4 ||     5
       Ensorcelled Hiber |       |     5 ||     5
 Stab: Sleeping          |     2 |       ||     2
Dodge: Dodged            |     8 |    22 ||    30
